 Dungeon Crawl Stone Soup version 0.31-a0-187-gba352fbbf7 (webtiles) character file.

Game seed: 5023467105304245727

60 qw the Shooter (level 3, -2/20 HPs)
             Began as a Deep Elf Hunter on June 22, 2023.
             Slain by Terence
             ... wielding a +0 hand axe
              (6 damage)
             ... on level 3 of the Dungeon.
             The game lasted 00:00:31 (1371 turns).

qw the Shooter (Deep Elf Hunter)                    Turns: 1371, Time: 00:00:32

Health: -2/20      AC:  3    Str: 10    XL:     3   Next: 80%
Magic:  5/5        EV: 12    Int: 13    God:
Gold:   124        SH:  0    Dex: 18    Spells: 2/2 levels left

rFire   . . .        Y - +1 orcbow
rCold   . . .        (shield currently unavailable)
rNeg    . . .        c - +0 leather armour
rPois   .            (no helmet)
rElec   .            (no cloak)
rCorr   .            (no gloves)
SInv    .            (no boots)
Will    .....        (no amulet)
Stlth   ++           (no ring)
HPRegen 0.23/turn    (no ring)
MPRegen 0.09/turn

%: no passive effects
@: about to teleport
A: no striking features
a: no special abilities


You were on level 3 of the Dungeon.
You visited 1 branch of the dungeon, and saw 3 of its levels.

You collected 124 gold pieces.


   Skills:
 - Level 1.5 Fighting
 + Level 7.3 Ranged Weapons
 - Level 2.4 Dodging
 - Level 1.2 Stealth


You had 2 spell levels left.
You didn't know any spells.
Your spell library was empty.

Inventory:

Hand Weapons
 Y - a +1 orcbow (weapon)
Armour
 c - a +0 leather armour (worn)
Jewellery
 l - a ring of ice
Scrolls
 a - a scroll of identify
 d - 2 scrolls of amnesia {unknown}
 f - a scroll of teleportation
 k - a scroll of brand weapon {unknown}
Potions
 b - a potion of resistance {unknown}
 e - 2 potions of curing
 g - a potion of haste {unknown}
 h - a potion of lignification {unknown}
 i - a potion of magic {unknown}
 j - 2 potions of heal wounds {unknown}

Dungeon Overview and Level Annotations

Branches:
Dungeon (3/15)

Altars:

Annotations:
D:3 Terence


Message History

There is an open door here.
Found a leather armour.
Enter note:
Enter note:
Enter note: You now have 124 gold pieces (gained 8).
Found a stone staircase leading down.
Enter note:
Enter note:
Enter note: A rat comes into view.
Enter note:
Enter note:
Enter note: You shoot an arrow.
The arrow hits the rat!
You kill the rat!
There is an open door here.
Terence the Incautious comes into view.
He is wielding a +0 hand axe.
Terence shouts!
There is an open door here.
Enter note:
Enter note:
Enter note: You shoot an arrow.
The arrow barely misses Terence.
You shoot an arrow. The arrow closely misses Terence.
Terence hits you with a +0 hand axe.
You shoot an arrow. The arrow closely misses Terence.
Terence hits you with a +0 hand axe. Terence closely misses you.
You shoot an arrow. The arrow hits Terence.
Terence is moderately wounded.
Terence hits you with a +0 hand axe!
You shoot an arrow. The arrow closely misses Terence.
Terence hits you with a +0 hand axe.
1370 ||| READING 2 scrolls of teleportation.
As you read the scroll of teleportation, it crumbles to dust.
You feel strangely unstable. Terence barely misses you.
You shoot an arrow. The arrow closely misses Terence.
Terence hits you with a +0 hand axe.
You die...

######## #%.....#
#......######..
#..>...@....'..
#......#@..##..
###'####...# #.# ...#
#.####################
####.....................
#[.....##########.}...}.#
#####......#
#...............
#..........#
#......}...>...}


You could see Terence.

Vanquished Creatures
  2 adders (D:2)
  4 dart slugs (D:3)
  An orc (D:3)
  A ball python (D:1)
  2 endoplasms (D:2)
  2 giant cockroaches (D:2)
  2 goblins
  2 hobgoblins
  6 kobolds
  A quokka (D:1)
  7 bats
  2 frilled lizards (D:2)
  2 rats
34 creatures vanquished.

Notes
Turn   | Place    | Note
-------+----------+-------------------------------------------
     0 | D:1      | qw the Deep Elf Hunter began the quest for the Orb.
     0 | D:1      | Reached XP level 1. HP: 12/12 MP: 3/3
     0 | D:1      | 0 ||| qw: Version: 0.3-a-9-g12657ce
     0 | D:1      | 0 ||| qw: Game counter: 2630
     0 | D:1      | 0 ||| qw: Always use a shield: true
     0 | D:1      | 0 ||| qw: God list: Okawaru
     0 | D:1      | 0 ||| qw: Allow faded altars: false
     0 | D:1      | 0 ||| qw: Do Orc after D:15 true
     0 | D:1      | 0 ||| qw: Do second Lair branch before Depths: true
     0 | D:1      | 0 ||| qw: Lair rune preference: random
     0 | D:1      | 0 ||| qw: Plans: Normal
     0 | D:1      | 0 ||| PLANNING D:1-11
   202 | D:1      | Reached skill level 6 in Ranged Weapons
   202 | D:1      | Reached XP level 2. HP: 16/16 MP: 4/4
   282 | D:1      | Found a faded altar of an unknown god.
   510 | D:1      | 510 ||| READING scroll labelled KIFASA WUACHOK.
   511 | D:1      | 511 ||| READING 2 scrolls labelled UFU HUGGIVIEPP.
   514 | D:1      | 514 ||| READING scroll labelled BIG ECAEMEGURPH.
   515 | D:1      | 515 ||| DRINKING 2 clear potions.
   516 | D:1      | 516 ||| DROPPING scroll of butterflies.
   598 | D:2      | 598 ||| SWAPPING to +0 orcbow.
   599 | D:2      | 599 ||| DROPPING +0 shortbow.
   812 | D:2      | Reached XP level 3. HP: 6/20 MP: 5/5
   812 | D:2      | HP: 5/20 [poisoned by an adder]
  1182 | D:2      | 1182 ||| READING scroll labelled TUUNLY GERIS.
  1195 | D:3      | Reached skill level 7 in Ranged Weapons
  1218 | D:3      | Identified the +2 mace of Dithmenos {venom, rPois rC+ MP+9
                  | Dex-2}
  1364 | D:3      | Noticed Terence
  1369 | D:3      | HP: 3/20 [Terence/+0 hand axe (4)]
  1370 | D:3      | 1370 ||| READING 2 scrolls of teleportation.
  1371 | D:3      | Slain by Terence

Levels and vault maps discovered:
D:1:      lemuel_arrival_tunnels, layout_basic, basic_ecumenical_altar
D:2:      layout_basic
D:3:      kennysheep_slugbush, layout_basic, chequers_serial_rivers_room_b,
          grunt_ministairs_2, minmay_misc_feat_enclosed, uniq_terence

Skill      XL: |  1  2  3 |
---------------+----------+-----
Ranged Weapons | 6 7 |  7.3
Fighting       | |  1.5
Dodging        | |  2.4
Stealth        | |  1.2

Action                     || total
---------------------------++-------
   Fire: Shortbow          ||    54
         Orcbow            ||    47
    Use: Scroll            ||     5
         Potion            ||     1
 Armour: Leather armour    ||     6
  Dodge: Dodged            ||    23

Table legend:
 A = Non-vault XP
 B = Vault XP
 C = Vault XP percentage of total XP
 D = Non-vault monster count
 E = Vault monster count
 F = Vault count percentage of total count
                 A         B        C        D         E       F
            +---------+---------+-------+---------+---------+-------
      Total |      66 |      20 |  23.3 |      28 |       6 |  17.6
            +---------+---------+-------+---------+---------+-------
        D:1 |      17 |       0 |   0.0 |      11 |       0 |   0.0
        D:2 |      42 |       0 |   0.0 |      13 |       0 |   0.0
        D:3 |       7 |      20 |  74.1 |       4 |       6 |  60.0
            +---------+---------+-------+---------+---------+-------
